 Dungeon Crawl Stone Soup version 0.28-a0-723-g095bd1b44f (webtiles) character file.

Game seed: 4815179697472664285

0 spiderkeys the Ducker (level 1, -3/13 HPs)
             Began as a Deep Elf Abyssal Knight on Oct 25, 2021.
             Was a Follower of Lugonu.
             Slain by a neqoxec (14 damage)
             ... on level 1 of the Abyss.
             The game lasted 00:00:38 (280 turns).

spiderkeys the Ducker (Deep Elf Abyssal Knight)      Turns: 280, Time: 00:00:38

Health: -3/13      AC:  3    Str: 10      XL:     1   Next: 0%
Magic:  4/4        EV: 12    Int:  3 (12) God:    Lugonu [*.....]
Gold:   0          SH:  0    Dex: 15      Spells: 0/0 levels left

rFire   . . .      SeeInvis .   a - +1 falchion
rCold   . . .      Faith    .   (no shield)
rNeg    . . .      Spirit   .   b - +0 leather armour
rPois   .          Reflect  .   (no helmet)
rElec   .          Harm     .   (no cloak)
rCorr   .          Rampage  .   (no gloves)
Will    .....                   (no boots)
Stlth   +.........              (no amulet)
HPRegen 0.04/turn               (no ring)
MPRegen 0.09/turn               (no ring)

@: no status effects
A: dopey 1, wild magic 1
a: Renounce Religion, Depart the Abyss


You were on level 1 of the Abyss.
You worshipped Lugonu.
Lugonu was aware of your devotion.
You visited 0 branches of the dungeon, and saw 0 of its levels.
You visited the Abyss 1 time.


Innate Abilities, Weirdness & Mutations

You are dopey. (Int -2)
Your spells are a little harder to cast, but a little more powerful.


   Skills:
 + Level 2.4 Fighting
 + Level 1.7 Long Blades
 + Level 0.7 Armour
 + Level 2.4 Dodging
 + Level 2.0 Invocations


You couldn't memorise any spells.
You didn't know any spells.
Your spell library was empty.

Inventory:

Hand Weapons
 a - a +1 falchion (weapon)
Armour
 b - a +0 leather armour (worn)

Dungeon Overview and Level Annotations

Branches:
Dungeon (0/15)

Altars:

###### ##
#@3..# ..#
###.###. #
##.......#
##...#...#.
#.....##.###
##....#. #..
####...#...#
#...#.....###..
## ....###.
.........## .#


You could see a neqoxec.


Message History

🤖 Initializing magus.rc ... ✅ Successfully initialized magus.rc [v1.9.10] Welcome, spiderkeys the Deep Elf Abyssal Knight.
You feel drawn to the Orb of Zot, downwards into the unfathomable depths...
Lugonu says: Depart the Abyss and spread corruption, my servant! (use the ability menu to exit the Abyss) Press ? for a list of commands and other information.
Found a corrupted altar of Lugonu.
Found a corrupted altar of Lugonu.
There is a corrupted altar of Lugonu here.
A large abomination comes into view.
A wretched star comes into view.
You open the door.
There is an open door here.
A lurking horror comes into view.
Your body is wracked with pain! 😮 HP[-5]
You take 5 damage, and now have 8/13 hp.
MASSIVE DAMAGE!! (PAUSE)
You enter the shallow water.
Moving in this stuff is going to be slow. 😮 HP[+1]
A neqoxec comes into view.
You see here 12 gold pieces.
A neqoxec comes into view.
The neqoxec shouts!
The neqoxec gestures at you.
Strange energies course through your body.
You feel less in control of your magic. 😕 HP[+1] Unknown command.
The neqoxec gestures at you.
Strange energies course through your body.
You feel stupid. The neqoxec gestures at you.
Something tries to feed on your intellect!
The neqoxec gestures at you.
Something tries to feed on your intellect!
The neqoxec gestures at you.
You feel dopey. Something feeds on your intellect! The neqoxec gestures at you.
You feel dopey.
Something feeds on your intellect! 😕 HP[+1]
The neqoxec gestures at you.
You feel dopey. Something feeds on your intellect! The neqoxec gestures at you.
Strange energies course through your body.
The neqoxec gestures at you.
You feel dopey. Something feeds on your intellect!
You hit the neqoxec but do no damage. The neqoxec hits you!
Ouch! That really hurt!
You die...

Action                   || total
-------------------------++-------
Melee: Falchion          ||     1

Levels and vault maps discovered:
Abyss:1:  base: Temple, hangedman_abyss_or_decor_slice, base:
Temple

Notes
Turn   | Place    | Note
-------+----------+-------------------------------------------
     0 | Abyss:1  | spiderkeys the Deep Elf Abyssal Knight began the quest for
                  | the Orb.
     0 | Abyss:1  | Reached XP level 1. HP: 13/13 MP: 4/4
     0 | Abyss:1  | magus.rc [v1.9.10]
    26 | Abyss:1  | Found a corrupted altar of Lugonu.
    79 | Abyss:1  | Found a corrupted altar of Lugonu.
   182 | Abyss:1  | Noticed a large abomination
   192 | Abyss:1  | Noticed a wretched star
   241 | Abyss:1  | Noticed a neqoxec
   245 | Abyss:1  | Noticed a neqoxec
   247 | Abyss:1  | Gained mutation: Your spells are a little harder to cast,
                  | but a little more powerful. [a neqoxec]
   250 | Abyss:1  | Gained mutation: You are dopey. (Int -2) [a neqoxec]
   280 | Abyss:1  | Slain by a neqoxec

Vanquished Creatures (others)
  A lurking horror (Abyss:1)
1 creature vanquished.

Table legend:
 A = Non-vault XP
 B = Vault XP
 C = Vault XP percentage of total XP
 D = Non-vault monster count
 E = Vault monster count
 F = Vault count percentage of total count
                 A         B        C        D         E       F
            +---------+---------+-------+---------+---------+-------
      Total |       0 |       0 |   N/A |       0 |       0 |  -nan
            +---------+---------+-------+---------+---------+-------
            +---------+---------+-------+---------+---------+-------

Illustrated notes

Table legend: (Time is in decaauts)
 A = Elapsed time spent in this place.
 B = Non-inter-level travel time spent in this place.
 C = Inter-level travel time spent in this place.
 D = Time resting spent in this place.
 E = Time spent auto-exploring this place.
 F = Levels seen in this place.
 G = Mean time per level.
                   A        B        C        D        E       F      G
               +--------+--------+--------+--------+--------+-----+--------+
         Total |    280 |    280 |      0 |      0 |    181 |   1 |  280.0 |
         Abyss |    280 |    280 |      0 |      0 |    181 |   1 |  280.0 |
               +--------+--------+--------+--------+--------+-----+--------+

Top non-repeatable levels by time:
 Abyss:1: 280 daAuts
